 Dungeon Crawl Stone Soup version 0.20-a0-809-gaf7f668 (webtiles) character file.

189 Alarkh the Skirmisher (level 5, 26/42 HPs)
             Began as a Demonspawn Fighter on Mar 2, 2017.
             Quit the game on level 4 of the Dungeon.
             The game lasted 00:01:27 (1262 turns).

Alarkh the Skirmisher (Demonspawn Fighter)          Turns: 1262, Time: 00:01:28

Health: 26/42      AC:  9    Str: 18    XL:     5   Next: 40%
Magic:  5/5        EV:  8    Int: 10    God:
Gold:   172        SH:  9    Dex: 13    Spells: 4/4 levels left

rFire    . . .     SeeInvis .   a - +0 long sword
rCold    . . .     Gourm    .   b - +0 scale mail
rNeg     + . .     Faith    .   c - +0 shield
rPois    .         Spirit   .   q - +0 helmet
rElec    .         Reflect  .   j - +0 cloak
rCorr    .         Harm     .   (no gloves)
MR       .....                  (no boots)
Stlth    ..........             (no amulet)
Regen    0.2/turn               l - ring of positive energy
MPRegen  0.1/turn               k - +2 ring of strength

@: no status effects
A: powered by pain 1, spiny 2
a: no special abilities


You were on level 4 of the Dungeon.
You were hungry.

You visited 1 branch of the dungeon, and saw 3 of its levels.

You collected 172 gold pieces.

Inventory:

Hand Weapons
 a - a +0 long sword (weapon)
Armour
 b - a +0 scale mail (worn)
 c - a +0 shield (worn)
 j - a +0 cloak (worn)
 q - a +0 helmet (worn)
Jewellery
 k - a +2 ring of strength (left hand)
 l - a ring of positive energy (right hand)
Scrolls
 e - a scroll of fear {unknown}
 g - a scroll of identify {unknown}
 h - a scroll of remove curse
 i - a scroll of enchant weapon {unknown}
 n - a scroll of amnesia {unknown}
Comestibles
 f - 2 bread rations
 p - a meat ration


   Skills:
 + Level 3.8 Fighting
 * Level 3.3 Long Blades
 + Level 3.2 Armour
 + Level 1.5 Dodging
 + Level 3.3 Shields


You had 4 spell levels left.
You didn't know any spells.

Dungeon Overview and Level Annotations

Branches:
Dungeon (2/15)

Altars:
Qazlal


Innate Abilities, Weirdness & Mutations

You sometimes gain a little power by taking damage.
You are mostly covered in sharp spines.


Message History

* * * LOW HITPOINT WARNING * * *
You block Laphicet's ghost's attack.
You slash Laphicet's ghost!
Laphicet's ghost is almost destroyed.
You block Laphicet's ghost's attack.
You slash Laphicet's ghost!
You destroy Laphicet's ghost!
Your Long Blades skill increases to level 3!
Your Dodging skill increases to level 1!
You have reached level 4!
You feel agile.
Your demonic ancestry asserts itself...
Sharp spines emerge from parts of your body.
You have reached level 5!
Your demonic ancestry asserts itself...
Sharp spines emerge from more of your body.
You start resting.
You feel a little less mighty now.
You start resting.
You are feeling hungry.
Are you sure you want to abandon this character and quit the game? (Confirm with "yes".)

...# .
####..######.#
#.............
###.#...........
............#
.......#..#....
.......#..# .
...W...##.# #
....... #@###..#
#.#.##. #..##..#
# #. #. #..##..#
# #. #...#..#
#......#
#.#.##.#
#######..#.#
.........#.#
...#####..(#


There were no monsters in sight!

Vanquished Creatures
  The ghost of Laphicet the Skirmisher, an amateur DsMo (D:4)
  A gnoll (D:1)
  An adder (D:2)
  An ooze (D:1)
  A dart slug (D:1)
  A ball python (D:1)
  3 bats (D:1)
  2 giant cockroaches (D:1)
  4 goblins (D:1)
  3 hobgoblins (D:1)
  2 jackals (D:1)
  3 frilled lizards
  7 kobolds
  5 rats
35 creatures vanquished.

Notes
Turn   | Place    | Note
-------+----------+-------------------------------------------
     0 | D:1      | Alarkh the Demonspawn Fighter began the quest for the Orb.
     0 | D:1      | Reached XP level 1. HP: 18/18 MP: 1/1
    28 | D:1      | Gained mutation: You sometimes gain a little power by taking damage. [demonic ancestry]
    28 | D:1      | Reached XP level 2. HP: 22/24 MP: 2/2
   385 | D:1      | Reached XP level 3. HP: 21/29 MP: 3/3
   939 | D:2      | Found a stormy altar of Qazlal.
  1101 | D:2      | You fall through a shaft for 2 floors!
  1115 | D:4      | Noticed Laphicet's ghost (amateur DsMo)
  1140 | D:4      | Killed Laphicet's ghost
  1140 | D:4      | Reached skill level 1 in Dodging
  1140 | D:4      | Gained mutation: You are partially covered in sharp spines. [demonic ancestry]
  1140 | D:4      | Reached XP level 4. HP: 8/37 MP: 4/4
  1140 | D:4      | Gained mutation: You are mostly covered in sharp spines. [demonic ancestry]
  1140 | D:4      | Reached XP level 5. HP: 9/42 MP: 5/5
  1262 | D:4      | Quit the game

Vault maps used:
D:1:      dpeg_arrival_rooms_b, minivault_11, minmay_tetromino_i4
D:2:      minmay_roachtagon, lemuel_doored_altar, lemuel_coloured_pillars_altar,
          minmay_misc_feat_hallway, minmay_misc_feat_room, minmay_lizard_pond
D:4:      old_standard_altar, first_bread, uniq_edmund, uniq_pikel

Skill      XL: |  1  2  3 |
---------------+----------+-----
Long Blades    | 2 3 |  3.3
Armour         | 3 |  3.2
Shields        | 3 |  3.3
Dodging        | 1 |  1.5
Fighting       | |  3.8

Action                   |  1- 3 |  4- 6 || total
-------------------------+-------+-------++-------
Melee: Long sword        |   138 |       ||   138
  Use: Potion            |     3 |       ||     3
       Scroll            |     1 |       ||     1
  Eat: Chunk             |     1 |       ||     1
Armor: Scale mail        |   108 |       ||   108
Dodge: Dodged            |    55 |       ||    55
Block: Shield            |    86 |       ||    86
       Rpst.: Long sword |    18 |       ||    18
